Pick #1

Connor Bedard
Pick #2

Leo Carlsson
Pick #3

Adam Fantilli
Pick #4

Matvei Michkov
Pick #5

David Reinbacher
Pick #6

William Smith
Pick #7

Zachary Benson
Pick #8

Ryan Leonard
Pick #9

Gabriel Perreault
Pick #10

Axel Sandin-Pellika
Pick #11

Daniil But
Pick #12

Dalibor Dvorsky
Pick #13

Quentin Musty
Pick #14

Brayden Yager
Pick #15

Dmitry Simashev
Pick #16

Colby Barlow
Pick #17

Andrew Cristall
Pick #18

Easton Cowan
Pick #19

Jacob Fowler
Pick #20

Oliver Moore
Pick #21

Oliver Bonk
Pick #22

Tom Willander
Pick #23

Calum Ritchie
Pick #24

Tanner Molendyk
Pick #25

Gavin Brindley
Pick #26

Nate Danielson
Pick #27

Pick #28

Pick #29

Pick #30

Pick #31

Pick #32

Pick #33

Pick #34

Pick #35

Pick #36

Pick #37

Pick #38

Pick #39

Pick #40

Pick #41

Pick #42

Pick #43

Pick #44

Pick #45

Pick #46

Pick #47

Pick #48

Pick #49

Pick #50

Pick #51

Pick #52

Pick #53

Pick #54

Pick #55

Pick #56

Pick #57

Pick #58

Pick #59

Pick #60

Pick #61

Pick #62

Pick #63

Pick #64

Pick #65

Pick #66

Pick #67

Pick #68

Pick #69

Pick #70

Pick #71

Pick #72

Pick #73

Pick #74

Pick #75

Pick #76

Pick #77

Pick #78

Pick #79

Pick #80

Pick #81

Pick #82

Pick #83

Pick #84

Pick #85

Pick #86

Pick #87

Pick #88

Pick #89

Pick #90

Pick #91

Pick #92

Pick #93

Pick #94

Pick #95

Pick #96

Pick #97

Pick #98

Pick #99

Pick #100

Pick #101

Pick #102

Pick #103

Pick #104

Pick #105

Pick #106

Pick #107

Pick #108

Pick #109

Pick #110

Pick #111

Pick #112

Pick #113

Pick #114

Pick #115

Pick #116

Pick #117

Pick #118

Pick #119

Pick #120

Pick #121

Pick #122

Pick #123

Pick #124

Pick #125

Pick #126

Pick #127

Pick #128

Pick #129

Pick #130

Full Scoreboard »»

Senators vs Canadiens

Created - November 12, 2023 at 12:47

Goals
1 2 3 OT1 SO T
Senators 1 1 0 0 1 2
Canadiens 1 1 0 0 2 3
Shots
1 2 3 OT1 SO T
Senators 11 9 15 1 4 36
Canadiens 5 12 5 2 4 24

GoalsPenalties
1st period
1. Canadiens , Brendan Gaunce 2 (Adam Pelech 7, Alex Goligoski 3) at 14:54
2. Senators , Eric Staal 2 (Chris Tanev 2, K'Andre Miller 3) at 16:54
Adam Pelech (MTL) for Hooking (Minor) at 5:10
Teuvo Teravainen (MTL) for Slashing (Minor) at 11:15
2nd period
3. Senators , Eric Staal 3 (Christian Dvorak 4, Jake Walman 4) at 2:35
4. Canadiens , Anthony Mantha 2 (Mike Reilly 5, Lars Eller 5) at 16:58
Ivan Provorov (MTL) for Holding (Minor) at 0:17
Valeri Nichushkin (MTL) for Fighting (Major) at 13:35
Noah Hanifin (OTT) for Fighting (Major) at 13:35
Filip Forsberg (MTL) for Hooking (Minor) at 19:02
3rd period
No Goal
Daniel Sprong (MTL) for Hooking (Minor) at 11:37
Mike Reilly (MTL) for Interference (Minor) at 13:48
Overtime #1
No Goal
Shootout
Senators, Nikita Kucherov - Goal!
Canadiens, Leon Draisaitl - Goal!
Senators, Matty Beniers - Shot Misses the Net
Canadiens, Filip Forsberg - Stopped by Semyon Varlamov
Senators, Joel Eriksson Ek - Shot Misses the Net
Canadiens, Valeri Nichushkin - Stopped by Semyon Varlamov
Senators, Anthony Cirelli - Stopped by Kaapo Kahkonen
Canadiens, Daniel Sprong - Goal!
Goalie Stats
Semyon Varlamov (OTT), 22 saves from 24 shots - (0.917), OTL, 4-4-1, 65:00 minutes
Kaapo Kahkonen (MTL), 34 saves from 36 shots - (0.944), W, 7-1-3, 65:00 minutes
3 StarsOfficial
1 - Eric Staal (OTT)
2 - Brendan Gaunce (MTL)
3 - Kaapo Kahkonen (MTL)
Referees : Dan Kelly and Kendrick Nicholson
Linesman : Tyson Baker and Matt Brady
Game Note
Valeri Nichushkin and Noah Hanifin fight to a draw at 13:35 of 2nd period
Finance
Level 1 -- Attendance: 5878 (90.43%) -- Ticket Income $705,360
Level 2 -- Attendance: 4559 (91.18%) -- Ticket Income $387,515
Level 3 -- Attendance: 3207 (91.63%) -- Ticket Income $208,455
Level 4 -- Attendance: 3159 (59.75%) -- Ticket Income $63,180
Luxury Box -- Attendance: 894 (89.40%) -- Ticket Income $196,680
Game was played at the Bell Centre.
Total Attendance: 17697 (83.14%)
Total Ticket Income: $1,561,190
Other Income: $390,298
Total Income: $1,951,488



Team Name Goals Shots Shots Attemp Shots Blocked PIM HIT PP PK FO%
Senators 2366895160 / 6 (0%)049%
Canadiens 324521317200 / 0 (0.00%051%

Senators
Player Name POS G A P +/- PIM HIT SHT SB MP PP MP PP SHT PK MP PK SHT FO% FOT
Andrew CoppC0000022121:264:1910:00050% 28
Anthony CirelliC0000012019:134:3510:000100% 1
Brock McGinnLW000-200037:450:0000:0000% 0
Chris TanevD011-1001118:290:0000:0000% 0
Christian DvorakC0112001012:300:1600:00053% 15
Connor CliftonD0001022015:300:0000:0000% 0
Danton HeinenLW0002000012:140:0000:0000% 0
Eric StaalC2022003012:140:0000:0000% 0
Jake WalmanD0111000116:070:3700:0000% 0
Joel Eriksson EkC0000002022:567:1900:00042% 33
K'Andre MillerD0110004123:257:0230:0000% 0
Luke GlendeningC000-201017:450:0000:00050% 2
Matty BeniersC0000014022:287:1920:00067% 3
Nikita KucherovRW0000027023:597:1910:0000% 1
Noah HanifinD0000513020:374:5230:0000% 0
Pius SuterC000-2001012:004:1510:000100% 1
Rasmus AnderssonD000-1012126:097:0220:0000% 0
Scott LaughtonC0000052020:124:3510:00067% 3
Canadiens
Player Name POS G A P +/- PIM HIT SHT SB MP PP MP PP SHT PK MP PK SHT FO% FOT
Adam PelechD0111220323:110:0004:4800% 0
Alex GoligoskiD0111020223:190:0005:4300% 0
Alexander KerfootC0001002020:080:0008:410100% 1
Andrew CoglianoC0001000010:210:0003:1000% 0
Anthony ManthaRW1011003011:390:0000:000100% 1
Brendan GallagherRW000101007:110:0000:0000% 0
Brendan GaunceC101103207:400:0000:29060% 5
Daniel SprongRW0000212015:010:0000:0000% 1
Filip ForsbergLW000-2220117:390:0000:0300% 0
Ivan ProvorovD0000212125:240:0005:4400% 0
Jaccob SlavinD0000012225:540:0006:4700% 0
Lars EllerC0111002114:370:0003:10052% 21
Leon DraisaitlC000-2013017:370:0000:00044% 18
Mike ReillyD011-1220113:570:0000:4600% 0
Ryan O'ReillyC0000014125:080:0008:15050% 40
Teuvo TeravainenLW0000210015:010:0000:0000% 0
Trevor van RiemsdykD000-1000113:120:0000:0000% 0
Valeri NichushkinRW000-2522016:000:0000:0000% 0



Play-by-Play

1st period


0:01 of 1st period - Leon Draisaitl wins face-off versus Joel Eriksson Ek in neutral zone.
0:20 of 1st period - Shot by Anthony Cirelli.
0:20 of 1st period - Shot Blocked by Jaccob Slavin.
1:19 of 1st period - Shot by Nikita Kucherov.
1:19 of 1st period - Deflect By Matty Beniers.
1:19 of 1st period - Stopped by Kaapo Kahkonen without a rebound.
1:20 of 1st period - Christian Dvorak wins face-off versus Ryan O'Reilly in Canadiens zone.
1:38 of 1st period - Icing by Connor Clifton.
1:39 of 1st period - Anthony Mantha wins face-off versus Christian Dvorak in Senators zone.
1:46 of 1st period - Shot by Lars Eller.
1:46 of 1st period - Shot Misses the Net.
2:12 of 1st period - Shot by Christian Dvorak.
2:12 of 1st period - Shot Blocked by Mike Reilly.
3:45 of 1st period - Shot by Brendan Gaunce.
3:45 of 1st period - Shot Blocked by Brock McGinn.
3:47 of 1st period - Shot by Jaccob Slavin.
3:47 of 1st period - Shot Blocked by Luke Glendening.
4:25 of 1st period - Icing by Trevor van Riemsdyk.
4:26 of 1st period - Leon Draisaitl wins face-off versus Joel Eriksson Ek in Canadiens zone.
4:56 of 1st period - Icing by Leon Draisaitl.
4:57 of 1st period - Leon Draisaitl wins face-off versus Christian Dvorak in Canadiens zone.
5:01 of 1st period - Off-side.
5:02 of 1st period - Lars Eller wins face-off versus Christian Dvorak in neutral zone.
5:10 of 1st period - Minor Penalty to Adam Pelech for Hooking.
5:11 of 1st period - Joel Eriksson Ek wins face-off versus Ryan O'Reilly in Canadiens zone.
5:50 of 1st period - Shot by Nikita Kucherov.
5:50 of 1st period - Stopped by Kaapo Kahkonen without a rebound.
5:51 of 1st period - Andrew Copp wins face-off versus Lars Eller in Canadiens zone.
5:58 of 1st period - Shot by Anthony Cirelli.
5:58 of 1st period - Stopped by Kaapo Kahkonen without a rebound.
5:59 of 1st period - Scott Laughton wins face-off versus Ryan O'Reilly in Canadiens zone.
6:06 of 1st period - Shot by Andrew Copp.
6:06 of 1st period - Deflect By Scott Laughton.
6:06 of 1st period - Shot Misses the Net.
6:08 of 1st period - Shot by Noah Hanifin.
6:08 of 1st period - Shot Misses the Net.
6:21 of 1st period - Shot by Andrew Copp.
6:21 of 1st period - Stopped by Kaapo Kahkonen without a rebound.
6:22 of 1st period - Joel Eriksson Ek wins face-off versus Lars Eller in Canadiens zone.
9:38 of 1st period - Off-side.
9:39 of 1st period - Lars Eller wins face-off versus Joel Eriksson Ek in neutral zone.
9:41 of 1st period - Off-side.
9:42 of 1st period - Ryan O'Reilly wins face-off versus Joel Eriksson Ek in neutral zone.
10:10 of 1st period - Icing by Joel Eriksson Ek.
10:11 of 1st period - Lars Eller wins face-off versus Joel Eriksson Ek in Senators zone.
10:11 of 1st period - Trevor van Riemsdyk is hit by Noah Hanifin and loses puck.
10:30 of 1st period - Shot by Anthony Mantha.
10:30 of 1st period - Stopped by Semyon Varlamov with a rebound.
10:32 of 1st period - Shot by Alexander Kerfoot.
10:32 of 1st period - Stopped by Semyon Varlamov without a rebound.
10:33 of 1st period - Ryan O'Reilly wins face-off versus Andrew Copp in Senators zone.
11:15 of 1st period - Minor Penalty to Teuvo Teravainen for Slashing.
11:16 of 1st period - Ryan O'Reilly wins face-off versus Andrew Copp in Canadiens zone.
11:28 of 1st period - Jaccob Slavin is hit by Scott Laughton and loses puck.
13:03 of 1st period - Shot by Noah Hanifin.
13:03 of 1st period - Stopped by Kaapo Kahkonen without a rebound.
13:04 of 1st period - Andrew Copp wins face-off versus Ryan O'Reilly in Canadiens zone.
14:07 of 1st period - Chris Tanev is hit by Valeri Nichushkin and loses puck.
14:26 of 1st period - Chris Tanev is hit by Adam Pelech and loses puck.
14:35 of 1st period - Luke Glendening is hit by Brendan Gaunce and loses puck.
14:54 of 1st period - Shot by Brendan Gaunce.
14:54 of 1st period - Goal by Brendan Gaunce - Senators : 0 - Canadiens : 1.
14:55 of 1st period - Lars Eller wins face-off versus Joel Eriksson Ek in neutral zone.
15:45 of 1st period - Lars Eller is hit by Scott Laughton and loses puck.
16:00 of 1st period - Teuvo Teravainen is hit by Scott Laughton and loses puck.
16:26 of 1st period - Shot by Nikita Kucherov.
16:26 of 1st period - Stopped by Kaapo Kahkonen without a rebound.
16:27 of 1st period - Christian Dvorak wins face-off versus Leon Draisaitl in Canadiens zone.
16:34 of 1st period - Shot by Eric Staal.
16:34 of 1st period - Shot Misses the Net.
16:36 of 1st period - Shot by Eric Staal.
16:36 of 1st period - Shot Misses the Net.
16:40 of 1st period - Shot by Eric Staal.
16:40 of 1st period - Shot Misses the Net.
16:42 of 1st period - Shot by K'Andre Miller.
16:42 of 1st period - Shot Blocked by Trevor van Riemsdyk.
16:44 of 1st period - Shot by K'Andre Miller.
16:44 of 1st period - Shot Blocked by Filip Forsberg.
16:52 of 1st period - Shot by Eric Staal.
16:52 of 1st period - Shot Misses the Net.
16:54 of 1st period - Shot by Eric Staal.
16:54 of 1st period - Goal by Eric Staal - Senators : 1 - Canadiens : 1.
16:55 of 1st period - Ryan O'Reilly wins face-off versus Andrew Copp in neutral zone.
17:22 of 1st period - Shot by Matty Beniers.
17:22 of 1st period - Shot Misses the Net.
17:24 of 1st period - Shot by Nikita Kucherov.
17:24 of 1st period - Stopped by Kaapo Kahkonen without a rebound.
17:25 of 1st period - Lars Eller wins face-off versus Christian Dvorak in Canadiens zone.
17:44 of 1st period - Shot by Lars Eller.
17:44 of 1st period - Shot Misses the Net.
17:46 of 1st period - Shot by Ivan Provorov.
17:46 of 1st period - Stopped by Semyon Varlamov with a rebound.
17:48 of 1st period - Shot by Jaccob Slavin.
17:48 of 1st period - Shot Blocked by K'Andre Miller.
17:50 of 1st period - Shot by Jaccob Slavin.
17:50 of 1st period - Stopped by Semyon Varlamov without a rebound.
17:51 of 1st period - Leon Draisaitl wins face-off versus Matty Beniers in Senators zone.
18:03 of 1st period - Icing by Rasmus Andersson.
18:04 of 1st period - Andrew Copp wins face-off versus Daniel Sprong in Senators zone.
18:15 of 1st period - Shot by Matty Beniers.
18:15 of 1st period - Stopped by Kaapo Kahkonen without a rebound.
18:16 of 1st period - Scott Laughton wins face-off versus Lars Eller in Canadiens zone.
18:17 of 1st period - Shot by Joel Eriksson Ek.
18:17 of 1st period - Stopped by Kaapo Kahkonen without a rebound.
18:18 of 1st period - Anthony Cirelli wins face-off versus Lars Eller in Canadiens zone.
18:27 of 1st period - Shot by Scott Laughton.
18:27 of 1st period - Stopped by Kaapo Kahkonen without a rebound.
18:28 of 1st period - Andrew Copp wins face-off versus Ryan O'Reilly in Canadiens zone.
18:55 of 1st period - Shot by Nikita Kucherov.
18:55 of 1st period - Deflect By Matty Beniers.
18:55 of 1st period - Shot Blocked by Adam Pelech.
Goals for this period are 1 for Senators vs 1 for Canadiens.
Shots for this period are 11 for Senators vs 5 for Canadiens.

2nd period


0:01 of 2nd period - Leon Draisaitl wins face-off versus Joel Eriksson Ek in neutral zone.
0:14 of 2nd period - Shot by Joel Eriksson Ek.
0:14 of 2nd period - Shot Misses the Net.
0:16 of 2nd period - Shot by Chris Tanev.
0:16 of 2nd period - Stopped by Kaapo Kahkonen without a rebound.
0:17 of 2nd period - Christian Dvorak wins face-off versus Ryan O'Reilly in Canadiens zone.
0:17 of 2nd period - Minor Penalty to Ivan Provorov for Holding.
0:18 of 2nd period - Joel Eriksson Ek wins face-off versus Ryan O'Reilly in Canadiens zone.
0:23 of 2nd period - Shot by Nikita Kucherov.
0:23 of 2nd period - Shot Blocked by Adam Pelech.
0:25 of 2nd period - Shot by Joel Eriksson Ek.
0:25 of 2nd period - Deflect By Nikita Kucherov.
0:25 of 2nd period - Shot Misses the Net.
0:39 of 2nd period - Shot by K'Andre Miller.
0:39 of 2nd period - Shot Blocked by Ryan O'Reilly.
0:41 of 2nd period - Shot by Rasmus Andersson.
0:41 of 2nd period - Stopped by Kaapo Kahkonen with a rebound.
0:43 of 2nd period - Shot by Joel Eriksson Ek.
0:43 of 2nd period - Shot Misses the Net.
1:58 of 2nd period - Ryan O'Reilly is hit by Scott Laughton and loses puck.
2:35 of 2nd period - Shot by Eric Staal.
2:35 of 2nd period - Goal by Eric Staal - Senators : 2 - Canadiens : 1.
2:36 of 2nd period - Christian Dvorak wins face-off versus Brendan Gaunce in neutral zone.
2:36 of 2nd period - Christian Dvorak is hit by Brendan Gaunce.
2:41 of 2nd period - Chris Tanev is hit by Ivan Provorov.
2:46 of 2nd period - Off-side.
2:47 of 2nd period - Leon Draisaitl wins face-off versus Andrew Copp in neutral zone.
2:50 of 2nd period - Jake Walman is hit by Filip Forsberg and loses puck.
3:03 of 2nd period - Shot by Valeri Nichushkin.
3:03 of 2nd period - Stopped by Semyon Varlamov without a rebound.
3:04 of 2nd period - Joel Eriksson Ek wins face-off versus Ryan O'Reilly in Senators zone.
3:19 of 2nd period - Shot by Joel Eriksson Ek.
3:19 of 2nd period - Stopped by Kaapo Kahkonen without a rebound.
3:20 of 2nd period - Christian Dvorak wins face-off versus Lars Eller in Canadiens zone.
3:31 of 2nd period - Shot by Eric Staal.
3:31 of 2nd period - Deflect By Christian Dvorak.
3:31 of 2nd period - Shot Blocked by Alex Goligoski.
4:54 of 2nd period - K'Andre Miller is hit by Ryan O'Reilly and loses puck.
5:37 of 2nd period - Shot by Nikita Kucherov.
5:37 of 2nd period - Shot Misses the Net.
5:39 of 2nd period - Shot by Connor Clifton.
5:39 of 2nd period - Stopped by Kaapo Kahkonen without a rebound.
5:40 of 2nd period - Christian Dvorak wins face-off versus Brendan Gaunce in Canadiens zone.
5:48 of 2nd period - Eric Staal is hit by Adam Pelech.
6:42 of 2nd period - Shot by Jaccob Slavin.
6:42 of 2nd period - Stopped by Semyon Varlamov without a rebound.
6:43 of 2nd period - Ryan O'Reilly wins face-off versus Andrew Copp in Senators zone.
6:48 of 2nd period - Shot by Daniel Sprong.
6:48 of 2nd period - Shot Misses the Net.
6:52 of 2nd period - Shot by Ryan O'Reilly.
6:52 of 2nd period - Shot Misses the Net.
6:54 of 2nd period - Shot by Daniel Sprong.
6:54 of 2nd period - Deflect By Ryan O'Reilly.
6:54 of 2nd period - Stopped by Semyon Varlamov with a rebound.
7:00 of 2nd period - Shot by Teuvo Teravainen.
7:00 of 2nd period - Shot Blocked by Jake Walman.
7:02 of 2nd period - Shot by Daniel Sprong.
7:02 of 2nd period - Stopped by Semyon Varlamov without a rebound.
7:03 of 2nd period - Joel Eriksson Ek wins face-off versus Leon Draisaitl in Senators zone.
7:03 of 2nd period - Joel Eriksson Ek is hit by Valeri Nichushkin.
7:32 of 2nd period - Off-side.
7:33 of 2nd period - Andrew Copp wins face-off versus Ryan O'Reilly in neutral zone.
7:38 of 2nd period - Shot by Nikita Kucherov.
7:38 of 2nd period - Stopped by Kaapo Kahkonen without a rebound.
7:39 of 2nd period - Ryan O'Reilly wins face-off versus Andrew Copp in Canadiens zone.
8:18 of 2nd period - Shot by Ryan O'Reilly.
8:18 of 2nd period - Stopped by Semyon Varlamov without a rebound.
8:19 of 2nd period - Joel Eriksson Ek wins face-off versus Lars Eller in Senators zone.
8:59 of 2nd period - Icing by Jaccob Slavin.
9:00 of 2nd period - Lars Eller wins face-off versus Christian Dvorak in Canadiens zone.
9:23 of 2nd period - Shot by Christian Dvorak.
9:23 of 2nd period - Stopped by Kaapo Kahkonen without a rebound.
9:24 of 2nd period - Andrew Copp wins face-off versus Leon Draisaitl in Canadiens zone.
9:35 of 2nd period - Valeri Nichushkin is hit by Andrew Copp.
10:38 of 2nd period - Jake Walman is hit by Jaccob Slavin and loses puck.
11:24 of 2nd period - Ryan O'Reilly is hit by Nikita Kucherov and loses puck.
11:40 of 2nd period - Icing by Jake Walman.
11:41 of 2nd period - Lars Eller wins face-off versus Andrew Copp in Senators zone.
11:54 of 2nd period - Shot by Alexander Kerfoot.
11:54 of 2nd period - Deflect By Anthony Mantha.
11:54 of 2nd period - Stopped by Semyon Varlamov without a rebound.
11:55 of 2nd period - Brendan Gaunce wins face-off versus Joel Eriksson Ek in Senators zone.
12:22 of 2nd period - Scott Laughton is hit by Brendan Gallagher.
13:35 of 2nd period - Valeri Nichushkin and Noah Hanifin fight to a draw.
13:35 of 2nd period - Penalty to Valeri Nichushkin for Fighting.
13:35 of 2nd period - Penalty to Noah Hanifin for Fighting.
13:36 of 2nd period - Pius Suter wins face-off versus Ryan O'Reilly in neutral zone.
14:06 of 2nd period - Icing by Luke Glendening.
14:07 of 2nd period - Luke Glendening wins face-off versus Lars Eller in Senators zone.
14:12 of 2nd period - Lars Eller is hit by Luke Glendening and loses puck.
14:35 of 2nd period - Shot by Lars Eller.
14:35 of 2nd period - Stopped by Semyon Varlamov with a rebound.
14:39 of 2nd period - Shot by Alexander Kerfoot.
14:39 of 2nd period - Shot Blocked by Brock McGinn.
15:25 of 2nd period - Shot by Ryan O'Reilly.
15:25 of 2nd period - Shot Blocked by Brock McGinn.
15:27 of 2nd period - Shot by Ivan Provorov.
15:27 of 2nd period - Shot Blocked by Rasmus Andersson.
16:05 of 2nd period - Shot by Brendan Gallagher.
16:05 of 2nd period - Shot Misses the Net.
16:17 of 2nd period - Shot by Brendan Gaunce.
16:17 of 2nd period - Deflect By Brendan Gallagher.
16:17 of 2nd period - Shot Blocked by Chris Tanev.
16:19 of 2nd period - Shot by Brendan Gallagher.
16:19 of 2nd period - Shot Misses the Net.
16:58 of 2nd period - Shot by Anthony Mantha.
16:58 of 2nd period - Goal by Anthony Mantha - Senators : 2 - Canadiens : 2.
16:59 of 2nd period - Ryan O'Reilly wins face-off versus Joel Eriksson Ek in neutral zone.
17:02 of 2nd period - Joel Eriksson Ek is hit by Daniel Sprong and loses puck.
17:15 of 2nd period - Shot by Joel Eriksson Ek.
17:15 of 2nd period - Shot Misses the Net.
17:27 of 2nd period - Shot by Ryan O'Reilly.
17:27 of 2nd period - Stopped by Semyon Varlamov without a rebound.
17:28 of 2nd period - Christian Dvorak wins face-off versus Leon Draisaitl in Senators zone.
17:37 of 2nd period - Shot by Leon Draisaitl.
17:37 of 2nd period - Stopped by Semyon Varlamov with a rebound.
17:39 of 2nd period - Shot by Leon Draisaitl.
17:39 of 2nd period - Stopped by Semyon Varlamov without a rebound.
17:40 of 2nd period - Brendan Gaunce wins face-off versus Andrew Copp in Senators zone.
17:40 of 2nd period - Brendan Gaunce is hit by Connor Clifton.
17:42 of 2nd period - Shot by Brendan Gallagher.
17:42 of 2nd period - Shot Misses the Net.
17:44 of 2nd period - Shot by Brendan Gaunce.
17:44 of 2nd period - Stopped by Semyon Varlamov without a rebound.
17:45 of 2nd period - Ryan O'Reilly wins face-off versus Joel Eriksson Ek in Senators zone.
17:55 of 2nd period - Teuvo Teravainen is hit by Connor Clifton and loses puck.
18:58 of 2nd period - Off-side.
18:59 of 2nd period - Andrew Copp wins face-off versus Leon Draisaitl in neutral zone.
19:01 of 2nd period - Off-side.
19:02 of 2nd period - Andrew Copp wins face-off versus Leon Draisaitl in neutral zone.
19:02 of 2nd period - Minor Penalty to Filip Forsberg for Hooking.
19:03 of 2nd period - Matty Beniers wins face-off versus Ryan O'Reilly in Canadiens zone.
19:04 of 2nd period - Shot by Noah Hanifin.
19:04 of 2nd period - Stopped by Kaapo Kahkonen without a rebound.
19:05 of 2nd period - Ryan O'Reilly wins face-off versus Joel Eriksson Ek in Canadiens zone.
19:37 of 2nd period - Shot by Noah Hanifin.
19:37 of 2nd period - Shot Misses the Net.
19:39 of 2nd period - Shot by Matty Beniers.
19:39 of 2nd period - Stopped by Kaapo Kahkonen without a rebound.
19:40 of 2nd period - Andrew Copp wins face-off versus Ryan O'Reilly in Canadiens zone.
19:40 of 2nd period - Andrew Copp is hit by Alex Goligoski.
Goals for this period are 1 for Senators vs 1 for Canadiens.
Shots for this period are 9 for Senators vs 12 for Canadiens.

3rd period


0:01 of 3rd period - Joel Eriksson Ek wins face-off versus Ryan O'Reilly in neutral zone.
0:04 of 3rd period - Shot by K'Andre Miller.
0:04 of 3rd period - Stopped by Kaapo Kahkonen without a rebound.
0:05 of 3rd period - Joel Eriksson Ek wins face-off versus Ryan O'Reilly in Canadiens zone.
0:26 of 3rd period - Shot by Rasmus Andersson.
0:26 of 3rd period - Stopped by Kaapo Kahkonen with a rebound.
1:34 of 3rd period - Shot by Leon Draisaitl.
1:34 of 3rd period - Shot Misses the Net.
1:36 of 3rd period - Shot by Mike Reilly.
1:36 of 3rd period - Shot Misses the Net.
2:08 of 3rd period - Chris Tanev is hit by Brendan Gaunce and loses puck.
2:22 of 3rd period - Off-side.
2:23 of 3rd period - Joel Eriksson Ek wins face-off versus Ryan O'Reilly in neutral zone.
2:54 of 3rd period - Ryan O'Reilly is hit by Rasmus Andersson and loses puck.
3:19 of 3rd period - Shot by Nikita Kucherov.
3:19 of 3rd period - Deflect By Andrew Copp.
3:19 of 3rd period - Stopped by Kaapo Kahkonen with a rebound.
3:21 of 3rd period - Shot by K'Andre Miller.
3:21 of 3rd period - Stopped by Kaapo Kahkonen without a rebound.
3:22 of 3rd period - Lars Eller wins face-off versus Andrew Copp in Canadiens zone.
3:59 of 3rd period - Lars Eller is hit by Andrew Copp and loses puck.
4:43 of 3rd period - Icing by Trevor van Riemsdyk.
4:44 of 3rd period - Leon Draisaitl wins face-off versus Joel Eriksson Ek in Canadiens zone.
5:49 of 3rd period - Adam Pelech is hit by Nikita Kucherov and loses puck.
5:53 of 3rd period - Icing by Adam Pelech.
5:54 of 3rd period - Ryan O'Reilly wins face-off versus Christian Dvorak in Canadiens zone.
6:34 of 3rd period - Off-side.
6:35 of 3rd period - Andrew Copp wins face-off versus Leon Draisaitl in neutral zone.
6:35 of 3rd period - Andrew Copp is hit by Filip Forsberg.
6:46 of 3rd period - Valeri Nichushkin is hit by Matty Beniers and loses puck.
7:15 of 3rd period - Shot by Valeri Nichushkin.
7:15 of 3rd period - Stopped by Semyon Varlamov without a rebound.
7:16 of 3rd period - Joel Eriksson Ek wins face-off versus Lars Eller in Senators zone.
7:26 of 3rd period - Icing by Rasmus Andersson.
7:27 of 3rd period - Ryan O'Reilly wins face-off versus Joel Eriksson Ek in Senators zone.
7:34 of 3rd period - Shot by Daniel Sprong.
7:34 of 3rd period - Stopped by Semyon Varlamov without a rebound.
7:35 of 3rd period - Joel Eriksson Ek wins face-off versus Lars Eller in Senators zone.
8:19 of 3rd period - Icing by Chris Tanev.
8:20 of 3rd period - Ryan O'Reilly wins face-off versus Joel Eriksson Ek in Senators zone.
8:36 of 3rd period - Icing by Ryan O'Reilly.
8:37 of 3rd period - Andrew Copp wins face-off versus Ryan O'Reilly in Canadiens zone.
8:40 of 3rd period - Shot by Nikita Kucherov.
8:40 of 3rd period - Stopped by Kaapo Kahkonen without a rebound.
8:41 of 3rd period - Matty Beniers wins face-off versus Leon Draisaitl in Canadiens zone.
8:41 of 3rd period - Matty Beniers is hit by Alex Goligoski.
10:21 of 3rd period - Icing by Jaccob Slavin.
10:22 of 3rd period - Ryan O'Reilly wins face-off versus Joel Eriksson Ek in Canadiens zone.
10:22 of 3rd period - Ryan O'Reilly is hit by Anthony Cirelli.
10:53 of 3rd period - Shot by Anthony Cirelli.
10:53 of 3rd period - Shot Misses the Net.
10:55 of 3rd period - Shot by Anthony Cirelli.
10:55 of 3rd period - Stopped by Kaapo Kahkonen without a rebound.
10:56 of 3rd period - Lars Eller wins face-off versus Andrew Copp in Canadiens zone.
10:58 of 3rd period - Icing by Alexander Kerfoot.
10:59 of 3rd period - Lars Eller wins face-off versus Andrew Copp in Canadiens zone.
11:06 of 3rd period - Shot by Matty Beniers.
11:06 of 3rd period - Deflect By Nikita Kucherov.
11:06 of 3rd period - Stopped by Kaapo Kahkonen without a rebound.
11:07 of 3rd period - Joel Eriksson Ek wins face-off versus Lars Eller in Canadiens zone.
11:16 of 3rd period - Shot by Alexander Kerfoot.
11:16 of 3rd period - Stopped by Semyon Varlamov with a rebound.
11:18 of 3rd period - Shot by Adam Pelech.
11:18 of 3rd period - Shot Misses the Net.
11:20 of 3rd period - Shot by Adam Pelech.
11:20 of 3rd period - Shot Misses the Net.
11:22 of 3rd period - Shot by Adam Pelech.
11:22 of 3rd period - Shot Misses the Net.
11:24 of 3rd period - Shot by Alexander Kerfoot.
11:24 of 3rd period - Deflect By Anthony Mantha.
11:24 of 3rd period - Shot Misses the Net.
11:30 of 3rd period - Shot by Lars Eller.
11:30 of 3rd period - Stopped by Semyon Varlamov without a rebound.
11:31 of 3rd period - Ryan O'Reilly wins face-off versus Christian Dvorak in Senators zone.
11:37 of 3rd period - Minor Penalty to Daniel Sprong for Hooking.
11:38 of 3rd period - Ryan O'Reilly wins face-off versus Joel Eriksson Ek in Canadiens zone.
11:57 of 3rd period - Shot by K'Andre Miller.
11:57 of 3rd period - Stopped by Kaapo Kahkonen without a rebound.
11:58 of 3rd period - Alexander Kerfoot wins face-off versus Scott Laughton in Canadiens zone.
12:22 of 3rd period - Shot by Scott Laughton.
12:22 of 3rd period - Stopped by Kaapo Kahkonen without a rebound.
12:23 of 3rd period - Ryan O'Reilly wins face-off versus Joel Eriksson Ek in Canadiens zone.
12:48 of 3rd period - Shot by Matty Beniers.
12:48 of 3rd period - Stopped by Kaapo Kahkonen without a rebound.
12:49 of 3rd period - Andrew Copp wins face-off versus Ryan O'Reilly in Canadiens zone.
12:52 of 3rd period - Shot by Anthony Cirelli.
12:52 of 3rd period - Shot Misses the Net.
13:01 of 3rd period - Icing by Anthony Cirelli.
13:02 of 3rd period - Ryan O'Reilly wins face-off versus Andrew Copp in Senators zone.
13:48 of 3rd period - Minor Penalty to Mike Reilly for Interference.
13:49 of 3rd period - Ryan O'Reilly wins face-off versus Joel Eriksson Ek in Canadiens zone.
14:30 of 3rd period - Shot by K'Andre Miller.
14:30 of 3rd period - Stopped by Kaapo Kahkonen without a rebound.
14:31 of 3rd period - Andrew Copp wins face-off versus Ryan O'Reilly in Canadiens zone.
14:32 of 3rd period - Shot by Pius Suter.
14:32 of 3rd period - Stopped by Kaapo Kahkonen without a rebound.
14:33 of 3rd period - Ryan O'Reilly wins face-off versus Andrew Copp in Canadiens zone.
14:33 of 3rd period - Ryan O'Reilly is hit by Scott Laughton.
14:56 of 3rd period - Shot by Noah Hanifin.
14:56 of 3rd period - Stopped by Kaapo Kahkonen without a rebound.
14:57 of 3rd period - Joel Eriksson Ek wins face-off versus Ryan O'Reilly in Canadiens zone.
15:14 of 3rd period - Shot by Joel Eriksson Ek.
15:14 of 3rd period - Deflect By Nikita Kucherov.
15:14 of 3rd period - Shot Blocked by Alex Goligoski.
15:16 of 3rd period - Shot by K'Andre Miller.
15:16 of 3rd period - Shot Blocked by Adam Pelech.
16:10 of 3rd period - Shot by Eric Staal.
16:10 of 3rd period - Shot Misses the Net.
16:18 of 3rd period - Shot by Eric Staal.
16:18 of 3rd period - Stopped by Kaapo Kahkonen with a rebound.
16:20 of 3rd period - Shot by Connor Clifton.
16:20 of 3rd period - Stopped by Kaapo Kahkonen without a rebound.
16:21 of 3rd period - Brendan Gaunce wins face-off versus Luke Glendening in Canadiens zone.
17:06 of 3rd period - Brock McGinn is hit by Mike Reilly and loses puck.
17:25 of 3rd period - Icing by Chris Tanev.
17:26 of 3rd period - Joel Eriksson Ek wins face-off versus Ryan O'Reilly in Senators zone.
17:26 of 3rd period - Joel Eriksson Ek is hit by Teuvo Teravainen.
17:43 of 3rd period - Off-side.
17:44 of 3rd period - Lars Eller wins face-off versus Nikita Kucherov in neutral zone.
18:19 of 3rd period - Shot by Andrew Copp.
18:19 of 3rd period - Deflect By Nikita Kucherov.
18:19 of 3rd period - Shot Blocked by Lars Eller.
18:53 of 3rd period - Shot by Ryan O'Reilly.
18:53 of 3rd period - Stopped by Semyon Varlamov without a rebound.
18:54 of 3rd period - Christian Dvorak wins face-off versus Leon Draisaitl in Senators zone.
18:54 of 3rd period - Christian Dvorak is hit by Leon Draisaitl.
19:37 of 3rd period - K'Andre Miller is hit by Mike Reilly and loses puck.
19:58 of 3rd period - Shot by Ryan O'Reilly.
19:58 of 3rd period - Shot Misses the Net.
Goals for this period are 0 for Senators vs 0 for Canadiens.
Shots for this period are 15 for Senators vs 5 for Canadiens.

Overtime #1


0:01 of 1st overtime period - Leon Draisaitl wins face-off versus Andrew Copp in neutral zone.
0:12 of 1st overtime period - Shot by Filip Forsberg.
0:12 of 1st overtime period - Shot Misses the Net.
0:14 of 1st overtime period - Shot by Leon Draisaitl.
0:14 of 1st overtime period - Stopped by Semyon Varlamov with a rebound.
0:16 of 1st overtime period - Shot by Ivan Provorov.
0:16 of 1st overtime period - Stopped by Semyon Varlamov without a rebound.
0:17 of 1st overtime period - Andrew Copp wins face-off versus Leon Draisaitl in Senators zone.
0:52 of 1st overtime period - Shot by Nikita Kucherov.
0:52 of 1st overtime period - Stopped by Kaapo Kahkonen with a rebound.
1:15 of 1st overtime period - Icing by Noah Hanifin.
1:16 of 1st overtime period - Ryan O'Reilly wins face-off versus Joel Eriksson Ek in Senators zone.
1:31 of 1st overtime period - Shot by Valeri Nichushkin.
1:31 of 1st overtime period - Shot Misses the Net.
1:33 of 1st overtime period - Shot by Jaccob Slavin.
1:33 of 1st overtime period - Shot Misses the Net.
1:39 of 1st overtime period - Shot by Valeri Nichushkin.
1:39 of 1st overtime period - Shot Misses the Net.
1:51 of 1st overtime period - Shot by Joel Eriksson Ek.
1:51 of 1st overtime period - Shot Misses the Net.
2:49 of 1st overtime period - Shot by Daniel Sprong.
2:49 of 1st overtime period - Shot Blocked by Andrew Copp.
3:15 of 1st overtime period - Shot by Leon Draisaitl.
3:15 of 1st overtime period - Shot Misses the Net.
3:40 of 1st overtime period - Shot by Matty Beniers.
3:40 of 1st overtime period - Shot Misses the Net.
3:42 of 1st overtime period - Shot by Anthony Cirelli.
3:42 of 1st overtime period - Shot Blocked by Ivan Provorov.
3:44 of 1st overtime period - Shot by Anthony Cirelli.
3:44 of 1st overtime period - Shot Misses the Net.
4:57 of 1st overtime period - Shot by Rasmus Andersson.
4:57 of 1st overtime period - Shot Blocked by Jaccob Slavin.
Goals for this period are 0 for Senators vs 0 for Canadiens.
Shots for this period are 1 for Senators vs 2 for Canadiens.

ShootOut


5:00 of 1st overtime period - Round #1.
5:00 of 1st overtime period - Senators, Nikita Kucherov.
5:00 of 1st overtime period - Goal by Nikita Kucherov.
5:00 of 1st overtime period - Canadiens, Leon Draisaitl.
5:00 of 1st overtime period - Goal by Leon Draisaitl.
5:00 of 1st overtime period - Round #2.
5:00 of 1st overtime period - Senators, Matty Beniers.
5:00 of 1st overtime period - Shot Misses the Net.
5:00 of 1st overtime period - Canadiens, Filip Forsberg.
5:00 of 1st overtime period - Stopped by Semyon Varlamov.
5:00 of 1st overtime period - Round #3.
5:00 of 1st overtime period - Senators, Joel Eriksson Ek.
5:00 of 1st overtime period - Shot Misses the Net.
5:00 of 1st overtime period - Canadiens, Valeri Nichushkin.
5:00 of 1st overtime period - Stopped by Semyon Varlamov.
5:00 of 1st overtime period - Round #4.
5:00 of 1st overtime period - Senators, Anthony Cirelli.
5:00 of 1st overtime period - Stopped by Kaapo Kahkonen.
5:00 of 1st overtime period - Canadiens, Daniel Sprong.
5:00 of 1st overtime period - Goal by Daniel Sprong.